 Dungeon Crawl Stone Soup version 0.24.1 (webtiles) character file.

Game seed: 18051405916211556771, levelgen mode: deterministic

687 Brecoman the Magician (level 7, -3/38 HPs)
             Began as a Deep Elf Ice Elementalist on Apr 2, 2020.
             Slain by an orc warrior
             ... wielding a +0 short sword
              (19 damage)
             ... on level 5 of the Dungeon.
             The game lasted 00:32:09 (5967 turns).

Brecoman the Magician (Deep Elf Ice Elementalist)   Turns: 5967, Time: 00:32:10

Health: -3/38      AC:  5    Str:  7    XL:     7   Next: 35%
Magic:  13/18      EV: 18    Int: 20    God:
Gold:   376        SH:  3    Dex: 20    Spells: 8/18 levels left

rFire    + . .     SeeInvis .   n - +1 dagger (venom)
rCold    . . .     Gourm    .   (no shield)
rNeg     . . .     Faith    .   y - +1 leather armour {rF+}
rPois    .         Spirit   .   (no helmet)
rElec    .         Reflect  +   (no cloak)
rCorr    .         Harm     .   (no gloves)
MR       .....                  B - +0 pair of boots
Stlth    +++.......             m - +3 amulet of reflection
HPRegen  0.12/turn              f - +5 ring of evasion
MPRegen  0.16/turn              j - +5 ring of dexterity

@: no status effects
A: no striking features
a: no special abilities


You were on level 5 of the Dungeon.
You were very hungry.

You visited 1 branch of the dungeon, and saw 6 of its levels.
You also visited: Sewer.

You collected 376 gold pieces.

Inventory:

Hand Weapons
 n - a +1 dagger of venom (weapon)
Missiles
 d - 248 stones
 i - 33 poisoned darts (quivered)
Armour
 h - a +0 leather armour
 y - a +1 leather armour of fire resistance (worn)
 B - a +0 pair of boots (worn)
Jewellery
 f - a +5 ring of evasion (left hand)
 j - a +5 ring of dexterity (right hand)
 m - a +3 amulet of reflection (around neck)
 p - an uncursed ring of resist corrosion
 q - an uncursed ring of positive energy
Wands
 u - a wand of flame (13)
Scrolls
 e - a scroll of blinking {unknown}
 g - 2 scrolls of identify
 k - a scroll of teleportation
 r - 2 scrolls of immolation {unknown}
 s - a scroll of amnesia {unknown}
 t - 3 scrolls of remove curse {unknown}
 v - a scroll of noise {unknown}
 z - a scroll of random uselessness {unknown}
 A - a scroll of enchant weapon {unknown}
Potions
 a - 3 potions of heal wounds
 b - 2 potions of mutation
 l - 3 potions of flight
 o - 3 potions of curing
 w - a potion of invisibility {unknown}
 x - a potion of agility {unknown}
Comestibles
 c - 10 rations
 C - 3 chunks of flesh


   Skills:
 + Level 1.1 Fighting
 + Level 3.1 Dodging
 - Level 4.0 Stealth
 + Level 6.0 Spellcasting
 + Level 4.2 Conjurations
 - Level 3.0 Charms
 + Level 5.5 Ice Magic


You had 8 spell levels left.
You knew the following spells:

 Your Spells              Type           Power        Failure   Level  Hunger
a - Freeze                Ice            ####         1%          1    None
b - Throw Frost           Conj/Ice       ####..       3%          2    None
c - Ozocubu's Armour      Chrm/Ice       ###.....     9%          3    ##.....
d - Throw Icicle          Conj/Ice       ####....     22%         4    ####...

Your spell library contained the following spells:

 Spells                   Type           Power        Failure   Level  Hunger
 Magic Dart               Conj           ###.         2%          1    None
 Searing Ray              Conj           ###...       4%          2    None
 Beastly Appendage        Tmut           #.....       16%         1    None
 Dazzling Spray           Conj/Hex       ##....       21%         3    ##.....
 Sticks to Snakes         Tmut           #.......     24%         2    None
 Iskenderun's Mystic Bla  Conj           ###.....     26%         4    ####...
 Spider Form              Tmut/Pois      #.........   43%         3    ##.....
 Ice Form                 Ice/Tmut       ###.....     45%         4    ####...
 Summon Ice Beast         Ice/Summ       ###.....     45%         4    ####...
 Force Lance              Conj/Tloc      ##......     54%         4    ####...
 Fulminant Prism          Conj/Hex       ##........   54%         4    ####...
 Blade Hands              Tmut           #.........   99%         5    #####..


Dungeon Overview and Level Annotations

Branches:
Dungeon (6/15)              Sewer (visited)
 Temple: D:4-7

Altars:
Gozag
Nemelex Xobeh

Shops:
D:4 *   D:5 *

Annotations:
D:4 exclusions: 2 ogres and phantom


Message History

The orc warrior is severely wounded.
You block the orc warrior's attack.
You hit the orc warrior but do no damage.
The orc warrior is poisoned.
The orc warrior is severely wounded.
The orc warrior misses you.
You closely miss the orc warrior.
The orc warrior is severely wounded.
The orc warrior looks more healthy.
The orc warrior barely misses you.
You closely miss the orc warrior.
The orc warrior is severely wounded.
The orc warrior misses you.
You completely miss the orc warrior.
The orc warrior is severely wounded.
The orc warrior hits you with a +0 short sword!
You barely miss the orc warrior.
The orc warrior is severely wounded.
The orc warrior hits you with a +0 short sword!!
Ouch! That really hurt!
You die...

#..######.######## #...###......
#.## #........###.......####. #.#
#####..####.###>....#### #..
##.###........##.##..(.### #.#
.......######.##.#...### ###.#
....#### #...[....## #...#
.....#########.###....### #.###
......##....>..##..##.).#####.#
.........###..#o@.#####.......###
......####...#.......######......
........##.#...#.....# ##.......
......#..#.#..##.....# ##........
.......#.#.#.###.....###..#......
.................................
.....#..................###......
#..<(........##........####......
#......#..#..###.................


You could see an orc warrior.

Vanquished Creatures
  A big kobold (Sewer)
  2 bullfrogs (D:6)
  An orc wizard (D:5)
  3 jellies
  An iguana (D:4)
  Jessica (D:3)
  4 worker ants
  A hound skeleton (D:5)
  3 river rats (Sewer)
  6 adders
  An ooze (D:2)
  2 adder skeletons (D:4)
  A worm (D:2)
  6 dart slugs
  3 leopard geckos
  4 orcs
  6 giant cockroaches
  7 goblins
  7 hobgoblins
  16 jackals
  4 quokkas
  7 bats
  A frilled lizard (D:4)
  11 kobolds
  A leopard gecko zombie (D:5)
  12 rats
112 creatures vanquished.

Vanquished Creatures (others)
  A goblin (D:3)
1 creature vanquished.

Grand Total: 113 creatures vanquished

Notes
Turn   | Place    | Note
-------+----------+-------------------------------------------
     0 | D:1      | Brecoman the Deep Elf Ice Elementalist began the quest for
                  | the Orb.
     0 | D:1      | Reached XP level 1. HP: 10/10 MP: 6/6
   623 | D:1      | Reached XP level 2. HP: 15/15 MP: 6/8
   630 | D:1      | Learned a level 2 spell: Throw Frost
  1533 | D:2      | Reached XP level 3. HP: 13/19 MP: 0/10
  2131 | D:2      | Reached XP level 4. HP: 24/24 MP: 8/11
  2140 | D:2      | Learned a level 3 spell: Ozocubu's Armour
  2428 | D:3      | Reached skill level 4 in Spellcasting
  2690 | D:3      | Found a glowing drain.
  2694 | Sewer    | Entered a sewer
  2699 | Sewer    | Reached skill level 1 in Charms
  2848 | Sewer    | Noticed a big kobold
  2974 | Sewer    | Killed a big kobold
  2974 | Sewer    | Reached XP level 5. HP: 28/28 MP: 13/13
  3018 | Sewer    | Found a white marble altar of Elyvilon.
  3153 | D:3      | Found a faded altar of an unknown god.
  3214 | D:3      | Noticed Jessica
  3246 | D:3      | Killed Jessica
  3664 | D:4      | Reached XP level 6. HP: 32/32 MP: 15/15
  3715 | D:4      | Reached skill level 5 in Spellcasting
  4063 | D:4      | Found an opulent altar of Gozag.
  4069 | D:4      | Found Gozag's Platinum Reserve.
  4632 | D:5      | Entered Level 5 of the Dungeon
  4648 | D:5      | Found Kejudiucw's General Store.
  4690 | D:5      | Reached skill level 5 in Ice Magic
  4751 | D:5      | Found a sparkling altar of Nemelex Xobeh.
  5181 | D:5      | Noticed an ice beast
  5270 | D:5      | Learned a level 4 spell: Throw Icicle
  5694 | D:6      | Reached XP level 7. HP: 37/37 MP: 12/17
  5760 | D:6      | Reached skill level 1 in Fighting
  5776 | D:6      | Reached skill level 6 in Spellcasting
  5967 | D:5      | Slain by an orc warrior

Levels and vault maps discovered:
D:1:      onia_arrival_mini_maze, layout_loops_ring
D:2:      layout_basic
D:3:      layout_rooms, chequers_ecumenical_altar_simple, gup_sewer_entry_bowl,
          minmay_misc_feat_ornament, uniq_jessica
D:4:      layout_loops_ring, nicolae_gozag_zags_fifth_avenue
D:5:      layout_rooms, lemuel_coloured_pillars_altar, first_ration,
          serial_shops, nicolae_shop_waterfront
D:6:      layout_cave_pods, st_stairs_3, grunt_decor_mini_mirrors, minivault_23,
          uniq_grinder

Skill      XL: |  1  2  3  4  5  6  7 |
---------------+----------------------+-----
Stealth        | 3 4 |  4.0
Conjurations   | 2 3 4 |  4.2
Ice Magic      | 4 5 |  5.5
Spellcasting   | 4 5 6 |  6.0
Charms         | 2 3 |  3.0
Fighting       | 1 |  1.1
Dodging        | 3 |  3.1

Action                   |  1- 3 |  4- 6 |  7- 9 || total
-------------------------+-------+-------+-------++-------
Melee: Club              |     1 |       |       ||     1
       Dagger            |     2 |   107 |     8 ||   117
Throw: Dart              |     2 |    24 |       ||    26
 Cast: Freeze            |    21 |    22 |       ||    43
       Throw Frost       |    28 |    70 |    16 ||   114
       Ozocubu's Armour  |       |     1 |       ||     1
  Use: Scroll            |       |     5 |       ||     5
 Stab: Sleeping          |     2 |     5 |       ||     7
  Eat: Chunk             |     5 |    11 |       ||    16
Armor: Leather armour    |       |    15 |       ||    15
Dodge: Dodged            |     8 |   119 |     6 ||   133
Block: Other             |       |    13 |     2 ||    15
       Reflection        |       |     1 |       ||     1
